 Dungeon Crawl Stone Soup version 0.24.0-125-gc4c63601f3 (webtiles) character file.

Game seed: 6836792442855819478, levelgen mode: deterministic

83 Curus the Poker (level 4, 0/39 HPs)
             Began as a Minotaur Abyssal Knight on Mar 7, 2020.
             Was a Believer of Lugonu.
             Killed from afar by Natasha (8 damage)
             ... with a magic dart
             ... on level 2 of the Dungeon.
             The game lasted 00:06:00 (1394 turns).

Curus the Poker (Minotaur Abyssal Knight)           Turns: 1394, Time: 00:06:01

Health: 0/39       AC:  5    Str: 16    XL:     4   Next: 22%
Magic:  5/5        EV:  7    Int:  9    God:    Lugonu [**....]
Gold:   53         SH:  7    Dex: 11    Spells: 3/3 levels left

rFire    . . .     SeeInvis .   a - +2 spear
rCold    . . .     Gourm    .   g - +0 shield (curse)
rNeg     . . .     Faith    .   d - +0 ring mail
rPois    .         Spirit   .   (helmet restricted)
rElec    .         Reflect  .   (no cloak)
rCorr    .         Harm     .   (no gloves)
MR       .....                  (no boots)
Stlth    +.........             (no amulet)
HPRegen  0.13/turn              (no ring)
MPRegen  0.09/turn              (no ring)

@: slowed, very slow
A: retaliatory headbutt, horns 2
a: Depart the Abyss, Bend Space, Renounce Religion


You were on level 2 of the Dungeon.
You worshipped Lugonu.
Lugonu was pleased with you.
You were not hungry.

You visited 1 branch of the dungeon, and saw 2 of its levels.
You visited the Abyss 1 time.

You collected 53 gold pieces.

Inventory:

Hand Weapons
 a - a +2 spear (weapon)
Armour
 b - a +0 leather armour
 d - a +0 ring mail (worn)
 g - a cursed +0 shield (worn)
Scrolls
 e - 2 scrolls of identify
 i - 3 scrolls of amnesia
Potions
 f - a potion of haste
Comestibles
 c - 5 rations


   Skills:
 - Level 3.6 Fighting
 + Level 4.2 Polearms
 - Level 2.4 Armour
 - Level 1.1 Dodging
 + Level 3.3 Invocations


You had 3 spell levels left.
You didn't know any spells.
Your spell library was empty.

Dungeon Overview and Level Annotations

Branches:
Dungeon (2/15)

Altars:

Annotations:
D:2 Natasha


Innate Abilities, Weirdness & Mutations

You reflexively headbutt those who attack you in melee.
You have a pair of horns on your head.


Message History

Natasha claws you but does no damage.
The crimson imp hits you but does no damage.
Natasha claws you!
Unknown command.
You barely miss Natasha.
Natasha is moderately wounded.
Natasha claws you.
The crimson imp hits you but does no damage.
You block Natasha's attack.
The crimson imp blinks!
You completely miss Natasha.
Natasha is moderately wounded.
Natasha claws you!
* * * LOW HITPOINT WARNING * * *
Natasha stares at you and mumbles some strange words.
The magic dart hits you.
* * * LOW HITPOINT WARNING * * *
The crimson imp blinks!
Natasha stares at you and mumbles some strange words.
The magic dart hits you!
You die...

################### #
#...†..##......#.. ..
##..##..##.....#.# #..
.##..##..##..#.#.# ..
..##..##..##.#.5.#.#
.......##....#..@§.#
##########..##...h......
######## #..............
.......# #.#######......
######.# #.# ###§..
...###.# #.# .# ...(...#
#.# # ##.##### #.# #.#


You could see Natasha and a crimson imp.

Vanquished Creatures
  A gnoll (D:1)
  2 adders (D:2)
  An ooze (D:1)
  A worm (D:2)
  3 dart slugs
  A leopard gecko (D:2)
  2 bats (D:1)
  4 giant cockroaches (D:1)
  4 goblins (D:1)
  5 hobgoblins (D:1)
  5 jackals (D:1)
  A quokka (D:2)
  2 frilled lizards (D:1)
  3 kobolds (D:1)
  5 rats
  A toadstool (D:1)
41 creatures vanquished.

Vanquished Creatures (others)
  3 toadstools (D:1)
3 creatures vanquished.

Grand Total: 44 creatures vanquished

Notes
Turn   | Place    | Note
-------+----------+-------------------------------------------
     0 | Abyss:1  | Curus the Minotaur Abyssal Knight began the quest for the
                  | Orb.
     0 | Abyss:1  | Reached XP level 1. HP: 19/19 MP: 1/1
    20 | Abyss:1  | Found a shattered altar of Ashenzari.
    27 | Abyss:1  | Noticed a ynoxinul
    30 | Abyss:1  | Noticed a small abomination
    33 | D:1      | Escaped the Abyss
   110 | D:1      | Reached skill level 3 in Polearms
   110 | D:1      | Reached XP level 2. HP: 8/26 MP: 2/2
   352 | D:1      | Reached * piety under Lugonu
   488 | D:1      | Reached XP level 3. HP: 29/31 MP: 2/4
  1128 | D:2      | Reached skill level 4 in Polearms
  1212 | D:2      | Reached XP level 4. HP: 30/39 MP: 5/5
  1231 | D:2      | Reached ** piety under Lugonu
  1382 | D:2      | Noticed Natasha
  1394 | D:2      | Killed from afar by Natasha

Levels and vault maps discovered:
D:1:      ldierk_water_garden, layout_basic
D:2:      minmay_thinvault, layout_loops_corners, lemuel_crystal_altar,
          dk_noncrumbling_4, uniq_crazy_yiuf_cottage, uniq_sigmund, uniq_natasha

Skill      XL: |  1  2  3 |
---------------+----------+-----
Polearms       | 3 4 |  4.2
Invocations    | 2 3 |  3.3
Fighting       | |  3.6
Armour         | |  2.4
Dodging        | |  1.1

Action                   |  1- 3 |  4- 6 || total
-------------------------+-------+-------++-------
Melee: Spear             |    96 |    23 ||   119
       Headbutt          |    12 |     3 ||    15
Invok: Depart the Abyss  |     1 |       ||     1
  Use: Scroll            |     4 |     1 ||     5
       Potion            |     2 |       ||     2
  Eat: Chunk             |     1 |     1 ||     2
Armor: Ring mail         |    36 |     6 ||    42
Dodge: Dodged            |    41 |     6 ||    47
Block: Shield            |     5 |     7 ||    12
